TOP OF THE 1ST |
San Francisco Giants batting - Pitching for St. Louis Cardinals : RHP Keith Anter
|
Pitching: RHP Keith Anter
|
|
Batting: RHB Philip Jansen
|
0-0: Called Strike 0-1: Foul Ball, location: 2F 0-2: Strikes out swinging
|
Batting: LHB Carey Horncole
|
0-0: Ball 1-0: Ground out 4-3 (Groundball, 34D, EV 93.1 MPH)
|
Batting: RHB Sean Zielinski
|
0-0: Called Strike 0-1: Ball 1-1: Ball 2-1: Ball 3-1: Base on Balls
|
Batting: LHB Jack Henningar
|
0-0: Ball 1-0: Called Strike Pickoff Throw by Catcher to First - Out!
|
Top of the 1st over - 0 runs, 0 hits, 0 errors, 0 left on base; San Francisco 0 - St. Louis 0 |
BOTTOM OF THE 1ST |
St. Louis Cardinals batting - Pitching for San Francisco Giants : LHP Randy Johnson Jr.
|
Pitching: LHP Randy Johnson Jr.
|
|
Batting: LHB Ichiro Toyota
|
0-0: Ball 1-0: Foul Ball, location: 2F 1-1: Swinging Strike 1-2: Strikes out swinging, 2-3 out at first.
|
Batting: RHB Mike Bates
|
0-0: Swinging Strike 0-1: Ball 1-1: Ground out 6-3 (Groundball, 6, EV 79.4 MPH)
|
Batting: SHB Antoine Roux
|
0-0: Ball 1-0: Ground out 5-3 (Groundball, 5L, EV 84.4 MPH)
|
Bottom of the 1st over - 0 runs, 0 hits, 0 errors, 0 left on base; San Francisco 0 - St. Louis 0 |
TOP OF THE 2ND |
San Francisco Giants batting - Pitching for St. Louis Cardinals : RHP Keith Anter
|
Batting: LHB Jack Henningar
|
0-0: Ball 1-0: Foul Ball, location: 2F 1-1: Foul Ball, location: 2F 1-2: Ball 2-2: Foul Ball, location: 2F 2-2: Ground out 4-3 (Groundball, 34D, EV 101.2 MPH)
|
Batting: SHB Bill Dooms
|
0-0: Ball 1-0: Ball 2-0: Foul Ball, location: 2F 2-1: Ground out 6-3 (Groundball, 6MS, EV 68.8 MPH)
|
Batting: SHB Ryan Doss
|
0-0: Swinging Strike 0-1: Ground out U3 (Groundball, 34S, EV 85.6 MPH)
|
Top of the 2nd over - 0 runs, 0 hits, 0 errors, 0 left on base; San Francisco 0 - St. Louis 0 |
BOTTOM OF THE 2ND |
St. Louis Cardinals batting - Pitching for San Francisco Giants : LHP Randy Johnson Jr.
|
Batting: SHB Chris Blue
|
0-0: Ball 1-0: Swinging Strike 1-1: Foul Ball, location: 2F 1-2: Ball 2-2: Ground out U3 (Groundball, 34S, EV 66.2 MPH)
|
Batting: RHB Melvin Enriquez
|
0-0: Called Strike 0-1: Ball 1-1: Ball 2-1: Ball 3-1: Ground out 6-3 (Groundball, 6, EV 94.4 MPH)
|
Batting: LHB Pat Sutton
|
0-0: Called Strike 0-1: Called Strike 0-2: Ground out 6-3 (Groundball, 4, EV 83.1 MPH)
|
Bottom of the 2nd over - 0 runs, 0 hits, 0 errors, 0 left on base; San Francisco 0 - St. Louis 0 |
TOP OF THE 3RD |
San Francisco Giants batting - Pitching for St. Louis Cardinals : RHP Keith Anter
|
Batting: LHB Tom Best
|
0-0: Swinging Strike 0-1: Foul Ball, location: 2F 0-2: Ball 1-2: Fly out, F7 (Flyball, 78M, EV 81.9 MPH)
|
Batting: LHB Mason Duffy
|
0-0: Called Strike 0-1: Ball 1-1: Ball 2-1: Ground out 4-3 (Groundball, 4, EV 82.5 MPH)
|
Batting: LHB Pauli Gassinger
|
0-0: Ball 1-0: Swinging Strike 1-1: Ball 2-1: Called Strike 2-2: Strikes out swinging
|
Top of the 3rd over - 0 runs, 0 hits, 0 errors, 0 left on base; San Francisco 0 - St. Louis 0 |
BOTTOM OF THE 3RD |
St. Louis Cardinals batting - Pitching for San Francisco Giants : LHP Randy Johnson Jr.
|
Batting: RHB Micah Christopher
|
0-0: Foul Ball, location: 2F 0-1: SINGLE (Groundball, 34D, EV 100.6 MPH)
|
Batting: RHB Klaas Meij
|
0-0: Ball 1-0: Called Strike 1-1: Ball 2-1: SINGLE (Groundball, 34S, EV 70.0 MPH) (infield hit) Micah Christopher to second
|
Batting: SHB Harry Hoop
|
0-0: Ball 1-0: Called Strike 1-1: Called Strike 1-2: Ball 2-2: Strikes out swinging
|
Batting: LHB Ichiro Toyota
|
0-0: Grounds into double play, 5-4-3 (Groundball, 56, EV 91.9 MPH)
|
Bottom of the 3rd over - 0 runs, 2 hits, 0 errors, 1 left on base; San Francisco 0 - St. Louis 0 |
TOP OF THE 4TH |
San Francisco Giants batting - Pitching for St. Louis Cardinals : RHP Keith Anter
|
Batting: RHB Philip Jansen
|
0-0: Ball 1-0: Swinging Strike 1-1: Ground out 6-3 (Groundball, 6, EV 100.6 MPH)
|
Batting: LHB Carey Horncole
|
0-0: Swinging Strike 0-1: Ball 1-1: Foul Ball, location: 2F 1-2: Strikes out looking
|
Batting: RHB Sean Zielinski
|
0-0: DOUBLE (Popup, 56D, EV 53.1 MPH)
|
Batting: LHB Jack Henningar
|
0-0: Ball 1-0: Ball 2-0: Ball 3-0: Called Strike 3-1: Base on Balls
|
Batting: SHB Bill Dooms
|
0-0: Called Strike 0-1: SINGLE (Groundball, 4MD, EV 100.6 MPH) Sean Zielinski to third Jack Henningar to second Runner from 3rd tries for Home, throw by CF and OUT! 8-2
|
Top of the 4th over - 0 runs, 2 hits, 0 errors, 2 left on base; San Francisco 0 - St. Louis 0 |
BOTTOM OF THE 4TH |
St. Louis Cardinals batting - Pitching for San Francisco Giants : LHP Randy Johnson Jr.
|
Batting: RHB Mike Bates
|
0-0: Ground out 6-3 (Groundball, 6, EV 91.9 MPH)
|
Batting: SHB Antoine Roux
|
0-0: Fly out, F8 (Flyball, 8LM, EV 88.1 MPH)
|
Batting: SHB Chris Blue
|
0-0: Ball 1-0: SINGLE (Groundball, 56D, EV 100.6 MPH)
|
Batting: RHB Melvin Enriquez
|
0-0: Ball 1-0: Called Strike 1-1: Fielders Choice at 2nd, U6 (Groundball, 6M, EV 85.6 MPH)
|
Bottom of the 4th over - 0 runs, 1 hit, 0 errors, 1 left on base; San Francisco 0 - St. Louis 0 |
TOP OF THE 5TH |
San Francisco Giants batting - Pitching for St. Louis Cardinals : RHP Keith Anter
|
Batting: SHB Ryan Doss
|
0-0: Called Strike 0-1: Swinging Strike 0-2: Strikes out looking
|
Batting: LHB Tom Best
|
0-0: Ball 1-0: Ball 2-0: Ball 3-0: Called Strike 3-1: Called Strike 3-2: Foul Ball, location: 2F 3-2: Base on Balls
|
Batting: LHB Mason Duffy
|
0-0: Called Strike 0-1: SINGLE (Flyball, 3D, EV 88.1 MPH) Tom Best to second
|
Batting: LHB Pauli Gassinger
|
0-0: Ball 1-0: Ball 2-0: DOUBLE (Flyball, 78D, EV 105.6 MPH) Tom Best scores Mason Duffy to third Runner from 3rd tries for Home, SAFE, no throw by CF
|
Batting: RHB Philip Jansen
|
0-0: Ball 1-0: Foul Ball, location: 2F 1-1: SINGLE (Flyball, 7LS, EV 97.5 MPH) Pauli Gassinger to third
|
Batting: LHB Carey Horncole
|
0-0: Foul Ball, location: 2F 0-1: Called Strike 0-2: Ball 1-2: Ball 2-2: Foul Ball, location: 2F 2-2: Strikes out swinging
|
Batting: RHB Sean Zielinski
|
0-0: Called Strike 0-1: Fly out, F8 (Line Drive, 8RD, EV 100.6 MPH)
|
Top of the 5th over - 2 runs, 3 hits, 0 errors, 2 left on base; San Francisco 2 - St. Louis 0 |
BOTTOM OF THE 5TH |
St. Louis Cardinals batting - Pitching for San Francisco Giants : LHP Randy Johnson Jr.
|
Batting: LHB Pat Sutton
|
0-0: Ball 1-0: Ball 2-0: Ball 3-0: Called Strike 3-1: Base on Balls
|
Batting: RHB Micah Christopher
|
0-0: Fly out, F7 (Flyball, 78M, EV 84.4 MPH)
|
Batting: RHB Klaas Meij
|
0-0: Ball 1-0: Ball 2-0: Ball 3-0: Called Strike 3-1: Foul Ball, location: 2F 3-2: Foul Ball, location: 2F 3-2: SINGLE (Groundball, 6MD, EV 95.6 MPH) Pat Sutton to second
|
Batting: SHB Harry Hoop
|
0-0: Foul Ball, location: 2F 0-1: Ball Wild Pitch! Pat Sutton to third Klaas Meij to second 1-1: Called Strike 1-2: Ball 2-2: SINGLE (Groundball, 5S, EV 65.0 MPH) (infield hit) Pat Sutton scores Klaas Meij to third
|
Batting: LHB Ichiro Toyota
|
0-0: Foul Ball, location: 2F 0-1: Ball 1-1: Foul Ball, location: 2F 1-2: Ball 2-2: Fly out, F9 (Flyball, 9D, EV 100.6 MPH) Runner from 3rd tags up, SCORES, throw by RF
|
Batting: RHB Mike Bates
|
0-0: Ball 1-0: Called Strike 1-1: Ground out 4-3 (Groundball, 34D, EV 88.8 MPH)
|
Bottom of the 5th over - 2 runs, 2 hits, 0 errors, 1 left on base; San Francisco 2 - St. Louis 2 |
TOP OF THE 6TH |
San Francisco Giants batting - Pitching for St. Louis Cardinals : RHP Keith Anter
|
Batting: LHB Jack Henningar
|
0-0: Ball 1-0: Ball 2-0: Called Strike 2-1: Ball 3-1: Called Strike 3-2: Foul Ball, location: 2F 3-2: Foul Ball, location: 2F 3-2: Fly out, F7 (Line Drive, 78M, EV 87.5 MPH)
|
Batting: SHB Bill Dooms
|
0-0: Called Strike 0-1: Ball 1-1: Ball 2-1: Swinging Strike 2-2: Ground out U3 (Groundball, 3, EV 93.8 MPH)
|
Batting: SHB Ryan Doss
|
0-0: Ball 1-0: Ball 2-0: Ball 3-0: Called Strike 3-1: Foul Ball, location: 2F 3-2: Foul Ball, location: 2F 3-2: Base on Balls
|
Batting: LHB Tom Best
|
0-0: Ball 1-0: Ball 2-0: Called Strike 2-1: Ball 3-1: Called Strike 3-2: Ground out 4-3 (Groundball, 4, EV 99.4 MPH)
|
Top of the 6th over - 0 runs, 0 hits, 0 errors, 1 left on base; San Francisco 2 - St. Louis 2 |
BOTTOM OF THE 6TH |
St. Louis Cardinals batting - Pitching for San Francisco Giants : LHP Randy Johnson Jr.
|
Batting: SHB Antoine Roux
|
0-0: Ball 1-0: Fly out, F4 (Popup, 34S, EV 78.1 MPH)
|
Batting: SHB Chris Blue
|
0-0: Ball 1-0: Ball 2-0: Called Strike 2-1: Ground out 4-3 (Groundball, 4, EV 78.8 MPH)
|
Batting: RHB Melvin Enriquez
|
0-0: Called Strike 0-1: Swinging Strike 0-2: Foul Ball, location: 2F 0-2: Ball 1-2: Foul Ball, location: 2F 1-2: Ball 2-2: Ball 3-2: Strikes out swinging
|
Bottom of the 6th over - 0 runs, 0 hits, 0 errors, 0 left on base; San Francisco 2 - St. Louis 2 |
TOP OF THE 7TH |
San Francisco Giants batting - Pitching for St. Louis Cardinals : RHP Keith Anter
|
Pitching: LHP Tsugunosuke Murakami
|
|
Batting: RHB Nate Hodson
|
0-0: Ball 1-0: Ball 2-0: Ground out 5-3 (Groundball, 56S, EV 91.2 MPH)
|
Pinch Hitting: RHB Ruben Garza
|
0-0: Fly out, F9 (Flyball, 89M, EV 88.8 MPH)
|
Pitching: LHP Danny Rivera
|
|
Batting: RHB Philip Jansen
|
0-0: Ball 1-0: Foul Ball, location: 2F 1-1: Swinging Strike 1-2: Strikes out swinging
|
Top of the 7th over - 0 runs, 0 hits, 0 errors, 0 left on base; San Francisco 2 - St. Louis 2 |
BOTTOM OF THE 7TH |
St. Louis Cardinals batting - Pitching for San Francisco Giants : LHP Randy Johnson Jr.
|
Now in LF: Tom Best
|
|
Now in RF: Luis Magdaleno
|
|
Batting: LHB Pat Sutton
|
0-0: Fly out, F7 (Flyball, 78S, EV 88.1 MPH)
|
Batting: RHB Micah Christopher
|
0-0: Called Strike 0-1: DOUBLE (Line Drive, 7LM, EV 106.9 MPH)
|
Batting: RHB Klaas Meij
|
0-0: Foul Ball, location: 2F 0-1: Ground out 6-3 (Groundball, 6S, EV 81.2 MPH)
|
Batting: SHB Harry Hoop
|
0-0: Called Strike 0-1: Ball 1-1: Ball 2-1: Swinging Strike 2-2: Ball 3-2: Foul Ball, location: 2F 3-2: Foul Ball, location: 2F 3-2: Ground out U3 (Groundball, 34, EV 82.5 MPH)
|
Bottom of the 7th over - 0 runs, 1 hit, 0 errors, 1 left on base; San Francisco 2 - St. Louis 2 |
TOP OF THE 8TH |
San Francisco Giants batting - Pitching for St. Louis Cardinals : LHP Danny Rivera
|
Pinch Hitting: RHB Bill Defazio
|
0-0: Ball 1-0: Ball 2-0: Ball 3-0: Called Strike 3-1: Base on Balls
|
Batting: RHB Sean Zielinski
|
0-0: Swinging Strike 0-1: Grounds into double play, 6-4-3 (Groundball, 6, EV 86.2 MPH)
|
Batting: LHB Jack Henningar
|
0-0: Called Strike 0-1: Ball 1-1: Called Strike 1-2: Ground out 4-3 (Groundball, 34, EV 77.5 MPH)
|
Top of the 8th over - 0 runs, 0 hits, 0 errors, 0 left on base; San Francisco 2 - St. Louis 2 |
BOTTOM OF THE 8TH |
St. Louis Cardinals batting - Pitching for San Francisco Giants : LHP Randy Johnson Jr.
|
Now at SS: Bill Defazio
|
|
Batting: LHB Ichiro Toyota
|
0-0: Ball 1-0: Called Strike 1-1: Fly out, F6 (Popup, P, EV 89.4 MPH)
|
Batting: RHB Mike Bates
|
0-0: Foul Ball, location: 2F 0-1: Foul Ball, location: 2F 0-2: Foul Ball, location: 2F 0-2: Strikes out looking
|
Batting: SHB Antoine Roux
|
0-0: Called Strike 0-1: Foul Ball, location: 2F 0-2: Ground out 5-3 (Groundball, 56S, EV 85.6 MPH)
|
Bottom of the 8th over - 0 runs, 0 hits, 0 errors, 0 left on base; San Francisco 2 - St. Louis 2 |
TOP OF THE 9TH |
San Francisco Giants batting - Pitching for St. Louis Cardinals : LHP Danny Rivera
|
Batting: SHB Bill Dooms
|
0-0: Called Strike 0-1: Ball 1-1: Ground out 3-1 (Groundball, 34S, EV 89.4 MPH)
|
Batting: SHB Ryan Doss
|
0-0: Foul Ball, location: 2F 0-1: Called Strike 0-2: Ball 1-2: Foul Ball, location: 2F 1-2: SINGLE (Groundball, 56D, EV 108.8 MPH)
|
Batting: LHB Tom Best
|
0-0: Ball 1-0: Swinging Strike 1-1: Foul Ball, location: 2F 1-2: Foul Ball, location: 2F 1-2: Strikes out looking Ryan Doss is caught stealing 2nd base 2-6 Batter strikes out.
|
Top of the 9th over - 0 runs, 1 hit, 0 errors, 0 left on base; San Francisco 2 - St. Louis 2 |
BOTTOM OF THE 9TH |
St. Louis Cardinals batting - Pitching for San Francisco Giants : LHP Randy Johnson Jr.
|
Pitching: LHP Tyler Stancil
|
|
Batting: SHB Chris Blue
|
0-0: Called Strike 0-1: Called Strike 0-2: Ball 1-2: Ground out 4-3 (Groundball, 4M, EV 90.0 MPH)
|
Batting: RHB Melvin Enriquez
|
0-0: Ball 1-0: Ground out 6-3 (Groundball, 6, EV 85.0 MPH)
|
Pinch Hitting: SHB Jason Kirby
|
0-0: Swinging Strike 0-1: Hit by Pitch
|
Batting: RHB Micah Christopher
|
0-0: Ball 1-0: Ground out U3 (Groundball, 3, EV 105.0 MPH)
|
Bottom of the 9th over - 0 runs, 0 hits, 0 errors, 1 left on base; San Francisco 2 - St. Louis 2 |
TOP OF THE 10TH |
San Francisco Giants batting - Pitching for St. Louis Cardinals : LHP Danny Rivera
|
Pitching: RHP Mike Pemble
|
|
Now in RF: Danny Gallo
|
|
Batting: RHB Nate Hodson
|
0-0: Ball 1-0: Ball 2-0: Ball 3-0: Called Strike 3-1: Base on Balls
|
Batting: LHB Luis Magdaleno
|
0-0: Called Strike 0-1: Ball 1-1: Fielders Choice at 2nd, 5-4 (Groundball, 5, EV 89.4 MPH)
|
Batting: RHB Philip Jansen
|
0-0: Foul Ball, location: 2F 0-1: Ball 1-1: SINGLE (Groundball, 6MD, EV 105.0 MPH) Luis Magdaleno to second
|
Batting: RHB Bill Defazio
|
0-0: Swinging Strike 0-1: Called Strike 0-2: Ball 1-2: Ball 2-2: Ball 3-2: Strikes out swinging
|
Batting: RHB Sean Zielinski
|
0-0: Ball 1-0: Called Strike 1-1: Ball 2-1: Ball 3-1: Base on Balls Luis Magdaleno to third Philip Jansen to second
|
Batting: LHB Jack Henningar
|
0-0: Called Strike 0-1: Foul Ball, location: 2F 0-2: Strikes out swinging
|
Top of the 10th over - 0 runs, 1 hit, 0 errors, 3 left on base; San Francisco 2 - St. Louis 2 |
BOTTOM OF THE 10TH |
St. Louis Cardinals batting - Pitching for San Francisco Giants : LHP Tyler Stancil
|
Pitching: LHP Caleb Mullinax
|
|
Batting: RHB Klaas Meij
|
0-0: SINGLE (Line Drive, 34, EV 97.5 MPH)
|
Batting: SHB Harry Hoop
|
0-0: Ball 1-0: Sac Bunt to 15 - play at first, batter OUT! 1-3 Klaas Meij to second
|
Batting: LHB Ichiro Toyota
|
0-0: Ball 1-0: Ball 2-0: Ball 3-0: Called Strike 3-1: Base on Balls
|
Batting: RHB Mike Bates
|
0-0: Ball Pickoff Throw to Second - Out! 1-0: Foul Ball, location: 2F 1-1: Fielders Choice at 2nd, U4 (Groundball, 4M, EV 80.0 MPH)
|
Bottom of the 10th over - 0 runs, 1 hit, 0 errors, 1 left on base; San Francisco 2 - St. Louis 2 |
TOP OF THE 11TH |
San Francisco Giants batting - Pitching for St. Louis Cardinals : RHP Mike Pemble
|
Pitching: LHP Nate Crow
|
|
Batting: SHB Bill Dooms
|
0-0: Ball 1-0: Swinging Strike 1-1: Ground out U3 (Groundball, 34, EV 106.2 MPH)
|
Batting: SHB Ryan Doss
|
0-0: Ball 1-0: Foul Ball, location: 2F 1-1: Foul Ball, location: 2F 1-2: Strikes out looking
|
Batting: LHB Tom Best
|
0-0: Ball 1-0: Ball 2-0: Ball 3-0: Base on Balls
|
Batting: RHB Nate Hodson
|
0-0: Ball Wild Pitch! Tom Best to second 1-0: Intentional Walk
|
Batting: LHB Luis Magdaleno
|
0-0: Ball 1-0: Ball 2-0: Foul Ball, location: 2F 2-1: Called Strike 2-2: SINGLE (Line Drive, 78M, EV 106.9 MPH) Tom Best to third Nate Hodson to second
|
Batting: RHB Philip Jansen
|
0-0: Ball 1-0: SINGLE (Groundball, 56D, EV 105.6 MPH) (infield hit) Tom Best scores Nate Hodson to third Luis Magdaleno to second
|
Batting: RHB Bill Defazio
|
0-0: Foul Ball, location: 2F 0-1: Ball 1-1: Foul Ball, location: 2F 1-2: Fly out, F8 (Flyball, 8LD, EV 93.1 MPH)
|
Top of the 11th over - 1 run, 2 hits, 0 errors, 3 left on base; San Francisco 3 - St. Louis 2 |
BOTTOM OF THE 11TH |
St. Louis Cardinals batting - Pitching for San Francisco Giants : LHP Caleb Mullinax
|
Batting: SHB Antoine Roux
|
0-0: Foul Ball, location: 2F 0-1: Hit by Pitch
|
Batting: SHB Chris Blue
|
0-0: Ball 1-0: Ball 2-0: Ball 3-0: Base on Balls Antoine Roux to second
|
Batting: RHB Melvin Enriquez
|
0-0: Ball 1-0: Ball 2-0: Ball 3-0: Base on Balls Antoine Roux to third Chris Blue to second
|
Batting: RHB Danny Gallo
|
0-0: Ball 1-0: Foul Ball, location: 2F 1-1: Ball 2-1: Fly out, F9 (Flyball, 89S, EV 96.2 MPH)
|
Batting: RHB Micah Christopher
|
0-0: Ball 1-0: Swinging Strike 1-1: Ball 2-1: Foul Ball, location: 2F 2-2: Foul Ball, location: 2F 2-2: Strikes out swinging
|
Pitching: RHP Filip Nebylitsin
|
|
Batting: LHB Billy Guzman
|
0-0: Called Strike 0-1: Ball 1-1: Ball 2-1: Swinging Strike 2-2: Strikes out swinging
|
Bottom of the 11th over - 0 runs, 0 hits, 0 errors, 3 left on base; San Francisco 3 - St. Louis 2 |
|